 Dungeon Crawl Stone Soup version 0.30-a0-389-g8d7d949 (webtiles) character file.

Game seed: 5164423429652324604

149843 BarneyGumball the Severer (level 17, -2/166 HPs)
             Began as a Hill Orc Fighter on Dec 3, 2022.
             Was the Champion of Okawaru.
             Slain by a reaper
             ... wielding a +2 scythe of venom
              (29 damage)
             ... on level 4 of the Swamp.
             The game lasted 01:48:48 (29840 turns).

BarneyGumball the Severer (Hill Orc Fighter)       Turns: 29840, Time: 01:48:49

Health: -2/166     AC: 34    Str: 27    XL:     17   Next: 52%
Magic:  30/30      EV:  8    Int: 15    God:    Okawaru [******]
Gold:   1390       SH:  0    Dex: 10    Spells: 16/16 levels left

rFire   + . .      SeeInvis +    a - +4 battleaxe (flame)
rCold   + . .      Faith    .    (shield currently unavailable)
rNeg    + + .      Spirit   .    G - +8 plate armour "Tanaek" {rF- Will+ Int+4}
rPois   +          Reflect  .    x - +2 helmet "Ahudoomn" {rC- Will++}
rElec   .          Harm     .    T - scarf {rC+ rF+}
rCorr   .          Rampage  +    Y - +1 pair of gloves "Faleraan" {Rampage}
Will    ++++.                    z - +0 pair of boots
Stlth   ..........               S - macabre finger necklace {rN+}
HPRegen 0.47/turn                c - ring "Lebri" {rPois rF+ rC+ rN+ Slay+2}
MPRegen 0.22/turn                D - +4 ring of slaying
                                 C - ring of Law {Int+3 SInv}

@: about to teleport, slowed, invisible, very slow
A: no striking features
a: Renounce Religion, Heroism, Finesse, Duel


You were on level 4 of the Swamp.
You worshipped Okawaru.
Okawaru was exalted by your worship.
You visited 5 branches of the dungeon, and saw 27 of its levels.
You visited the Abyss 1 time.
You also visited: Sewer and Volcano.

You collected 2909 gold pieces.
You spent 1519 gold pieces at shops.

Inventory:

Hand Weapons
 a - a +4 battleaxe of flaming (weapon)
Missiles
 w - 4 poisoned darts
 J - 3 curare-tipped darts (quivered)
Armour
 l - a +4 chain mail of cold resistance
 m - a +1 helmet
 n - a +1 cloak
 x - the +2 helmet "Ahudoomn" (worn) {rC- Will++}
   (You acquired it on level 3 of the Swamp)

   rC:        It makes you vulnerable to cold.
   Will:      It greatly increases your willpower.
 z - a +0 pair of boots (worn)
 G - the +8 plate armour "Tanaek" (worn) {rF- Will+ Int+4}
   (You found it on level 5 of the Lair of Beasts)

   Int:       It affects your intelligence (+4).
   rF:        It makes you vulnerable to fire.
   Will:      It increases your willpower.
 M - a +0 plate armour of fire resistance
 T - a scarf of resistance (worn)
 Y - the +1 pair of gloves "Faleraan" (worn) {Rampage}
   (Okawaru gifted it to you on level 1 of the Lair of Beasts)

   Rampage:   It bestows one free step when moving towards enemies.
Jewellery
 c - the ring "Lebri" (left hand) {rPois rF+ rC+ rN+ Slay+2}
   (You bought it in a shop on level 2 of the Orcish Mines)

   [ring of protection from fire]

   Slay:      It affects your accuracy & damage with ranged weapons and melee
   (+2).
   rF:        It protects you from fire.
   rC:        It protects you from cold.
   rPois:     It protects you from poison.
   rN:        It protects you from negative energy.
 C - the ring of Law (on amulet) {Int+3 SInv}
   (You took it off a necromancer on level 5 of the Lair of Beasts)

   [ring of see invisible]

   Int:       It affects your intelligence (+3).
   SInv:      It lets you see invisible.
 D - a +4 ring of slaying (right hand)
 F - a ring of willpower
 N - a ring of positive energy
 P - an amulet of reflection
 S - the macabre finger necklace (around neck) {rN+}
   (You bought it in a shop on level 2 of the Orcish Mines)

   [amulet of nothing]

   It enables you to equip an extra ring.
   rN:        It protects you from negative energy.
 W - a ring of protection from fire
Wands
 A - a wand of roots (26)
 K - a wand of flame (8)
 V - a wand of mindburst (3)
 Z - a wand of quicksilver (14)
Scrolls
 f - 3 scrolls of immolation
 g - 8 scrolls of enchant weapon
 h - 9 scrolls of fear
 k - 10 scrolls of teleportation
 o - 2 scrolls of torment
 p - 2 scrolls of brand weapon
 s - 2 scrolls of blinking
 u - a scroll of summoning {unknown}
 v - 3 scrolls of enchant armour
 y - 3 scrolls of poison
 H - 3 scrolls of magic mapping
 L - 2 scrolls of silence
 Q - 3 scrolls of amnesia
 X - 2 scrolls of fog {unknown}
Potions
 d - 2 potions of berserk rage
 e - 5 potions of mutation
 i - 5 potions of flight
 j - 12 potions of curing
 q - 5 potions of lignification
 r - 2 potions of invisibility
 t - 2 potions of magic
 B - 2 potions of ambrosia
 E - a potion of cancellation
 I - 2 potions of resistance
 O - a potion of brilliance
 R - a potion of haste {unknown}


   Skills:
 + Level 18.8 Fighting
 - Level 20.0 Axes
 + Level 17.8 Armour
 - Level 6.0 Shields
 + Level 19.0 Invocations


You had 16 spell levels left.
You didn't know any spells.
Your spell library contained the following spells:

 Spells                   Type           Power      Damage    Failure   Level
 Freeze                   Ice            0%         1d3       82%         1
 Sandblast                Erth           0%         2d4       82%         1
 Blink                    Tloc           0%         N/A       91%         2
 Momentum Strike          Conj/Tloc      0%         3d8       91%         2
 Passwall                 Tmut/Erth      0%         N/A       91%         2
 Sublimation of Blood     Necr           0%         N/A       91%         2
 Wereblood                Tmut           0%         N/A       91%         2
 Dazzling Flash           Conj/Hex       0%         N/A       99%         3
 Frozen Ramparts          Ice            0%         1d1       99%         3
 Hailstorm                Conj/Ice       0%         3d3       99%         3
 Inner Flame              Hex/Fire       0%         N/A       99%         3
 Lesser Beckoning         Tloc           0%         N/A       99%         3
 Stone Arrow              Conj/Erth      0%         3d7       99%         3
 Airstrike                Air            0%         2d(0-16)  100%        4
 Cause Fear               Hex            0%         N/A       100%        4
 Flame Wave               Conj/Fire      0%         2d4       100%        4
 Ice Form                 Ice/Tmut       0%         N/A       100%        4
 Iskenderun's Mystic Bla  Conj/Tloc      0%         2d3       100%        4
 Manifold Assault         Tloc           0%         N/A       100%        4
 Passage of Golubria      Tloc           0%         N/A       100%        4
 Sticky Flame             Conj/Fire      0%         2d3       100%        4
 Agony                    Necr           0%         N/A       100%        5
 Alistair's Intoxication  Tmut/Pois      0%         N/A       100%        5
 Blade Hands              Tmut           0%         N/A       100%        5
 Borgnjor's Vile Clutch   Necr/Erth      0%         N/A       100%        5
 Lightning Bolt           Conj/Air       0%         1d11      100%        5
 Silence                  Hex/Air        0%         N/A       100%        5
 Yara's Violent Unravell  Hex/Tmut       0%         3d3       100%        5
 Dispersal                Tloc           0%         N/A       100%        6
 Eringya's Noxious Bog    Tmut/Pois      0%         N/A       100%        6
 Iron Shot                Conj/Erth      0%         9d1       100%        6
 Starburst                Conj/Fire      0%         6d3       100%        6
 Enfeeble                 Hex            0%         N/A       100%        7
 Storm Form               Tmut/Air       0%         N/A       100%        7
 Discord                  Hex            0%         N/A       100%        8
 Disjunction              Tloc           0%         N/A       100%        8
 Lehudib's Crystal Spear  Conj/Erth      0%         10d2      100%        8
 Maxwell's Capacitive Co  Air            0%         ∞         100%        8
 Animate Armour           Summ/Erth      Unusable   N/A       N/A         4
 Summon Ice Beast         Ice/Summ       Unusable   N/A       N/A         4
 Summon Lightning Spire   Summ/Air       Unusable   N/A       N/A         4
 Summon Hydra             Summ           Unusable   N/A       N/A         7

Dungeon Overview and Level Annotations

Branches:
Dungeon (15/15)            Temple (1/1) D:5            Lair (5/5) D:8
  Swamp (4/4) Lair:3        Snake (0/4) Lair:3        Slime (0/5) Lair:5
    Orc (2/2) D:11            Elf (0/3) Orc:2        Vaults (0/5) D:14
 Depths (0/4) D:15          Sewer (visited)         Volcano (visited)

Altars:
Ashenzari
Cheibriados
Dithmenos
Elyvilon
Fedhas
Gozag
Hepliaklqana
Kikubaaqudgha
Makhleb
Nemelex Xobeh
Okawaru
Qazlal
Ru
Sif Muna
Trog
Uskayaw
Vehumet
Wu Jian
Xom
Yredelemnul
Zin
The Shining One
Beogh
Jiyva

Shops:
D:8 (   D:15 *   Orc:2 ?=([

Annotations:
D:13 2 transporters
D:15 3 runed translucent doors, Utaruf Seth's ghost, adept MiAK
Lair:3 2 transporters, Vyatore's ghost, journeyman DEIE
Lair:5 exclusion: obsidian statue


Message History

The fenstrider witch kicks you but does no damage.
The reaper hits you from afar with a +2 scythe of venom.
The fenstrider witch hits you but does no damage.
The fenstrider witch kicks you! The reaper hits you but does no damage.
The fenstrider witch hits you but does no damage.
The fenstrider witch kicks you! The reaper barely misses you.
You hit the fenstrider witch. You burn the fenstrider witch.
The fenstrider witch is lightly wounded.
You feel sick.
You are no longer poisoned.
The fenstrider witch points at you and mumbles some strange words.
You resist with almost no effort. The reaper hits you but does no damage.
Press: ? - help, v - describe, . - travel
Here: a fenstrider witch, wearing a +2 robe of positive energy (lightly wounded) Some shallow water.
Unknown command.
Okay, then.
As you read the scroll of teleportation, it crumbles to dust.
You feel strangely unstable. The fenstrider witch hits you!
The fenstrider witch kicks you but does no damage.
The fenstrider witch hits you!
* * * LOW HITPOINT WARNING * * *
The fenstrider witch kicks you.
* * * LOW HITPOINT WARNING * * *
The reaper hits you from afar with a +2 scythe of venom.
* * * LOW HITPOINT WARNING * * *
You fade into invisibility!
The fenstrider witch barely misses you.
The fenstrider witch kicks you but does no damage.
The reaper hits you but does no damage.
The fenstrider witch hits you but does no damage.
The fenstrider witch kicks you but does no damage.
The reaper hits you from afar with a +2 scythe of venom!
* * * LOW HITPOINT WARNING * * *
You slash the fenstrider witch! You burn the fenstrider witch.
The fenstrider witch is moderately wounded.
The fenstrider witch hits you but does no damage.
The fenstrider witch kicks you but does no damage.
The reaper hits you from afar with a +2 scythe of venom!!
You die...

~~§~~~~~##.~~§#~.## #.~#
~~~~~~~.#♣~~.~##~.## #..#
~§~.~~..#.~~.~♣#~~~♣#♣~~~#
§)~~~..#[~~~~~~##♣~~~.§♣
.......#~).♣.~..##~.~~~#
♣♣♣..~.#.~.~~~~##♣.~.~~♣
♣♣~....#~~.~♣####♣.~8§~♣
~~~.~.~#~.♣###~~#.~~♣§~§#
.~~~.~♣#♣♣##...~@#♣♣♣♣♣#~.
♣♣~§~♣♣ #######H# ~##
♣~~~♣ ♣..~.~k2# ~ ♣♣..§
♣~.~2♣♣♣# #♣~~♣° ♣.° °~
#♣. °~. #~ #♣ °~2♣ #..
H~~~ ##.~~


You could see a reaper, a death drake (unable to see you) and a fenstrider
witch.

Vanquished Creatures
  A tentacled monstrosity (Swamp:4)
  A thorn hunter (Swamp:3)
  A ghoul (Swamp:3)
  3 eleionomae
  3 dire elephants (Lair:5)
  6 bunyips
  Snorg (Lair:4)
  2 fire dragons (D:15)
  A shambling mangrove (Swamp:2)
  Josephine (D:13)
  3 catoblepae
  5 ogre magi
  10 hydras
  5 centaur warriors
  A spriggan air mage (Swamp:4)
  A ghost crab (Swamp:3)
  24 two-headed ogres
  7 alligators
  4 boulder beetles
  2 tengu warriors (D:14)
  2 thrashing horrors (Abyss:2)
  2 death yaks (Lair:5)
  An orc high priest (Orc:2)
  A spriggan berserker (Swamp:4)
  A wretched star (Abyss:2)
  A sixfirhy (Swamp:3)
  A spectral death yak (Lair:5)
  5 spriggans
  3 skeletal warriors (D:15)
  A spectral anaconda (Lair:5)
  3 spriggan druids
  5 goliath frogs
  An iron troll (D:14)
  A death drake (Swamp:3)
  3 bog bodies
  2 deep trolls (Orc:2)
  2 wizards
  3 lindwurms
  2 deep elf pyromancers
  4 swamp dragons
  2 orc knights
  4 necromancers (Lair:5)
  5 ugly things (D:14)
  3 orc sorcerers
  2 wolf spiders (Lair:3)
  5 will-o-the-wisps
  A naga zombie (Abyss:2)
  2 manticores (D:14)
  8 cyclopes
  19 elephants
  A smoke demon (Abyss:2)
  4 molten gargoyles (Volcano)
  2 torpor snails
  4 gargoyles
  A dire elephant skeleton (Lair:5)
  7 black mambas
  Maggie (D:6)
  An unseen horror (shapeshifter) (D:14)
  11 cane toads
  3 efreet
  3 kobold demonologists (D:12)
  7 komodo dragons
  An unseen horror (D:12)
  A yaktaur (shapeshifter) (D:13)
  3 rime drakes
  An ancient zyme (Abyss:2)
  2 hellwings
  3 polar bears
  9 trolls
  A burning bush (Lair:5)
  3 meliai (D:15)
  6 tyrant leeches
  8 hornets
  Prince Ribbit (D:8)
  7 dream sheep
  4 blink frogs (Lair:2)
  A spectral elephant (Lair:5)
  6 slime creatures (D:15)
  Sigmund (D:4)
  A flying skull (Abyss:2)
  9 small abominations
  A culicivora (shapeshifter) (D:14)
  A shadow (D:12)
  2 water elementals
  A vampire (D:10)
  3 fire elementals (Volcano)
  8 wraiths
  16 wyverns
  A hog (shapeshifter) (D:13)
  53 yaks
  15 vampire mosquitoes
  8 basilisks
  7 large abominations
  Menkaure (D:5)
  A steam dragon (D:9)
  A naga (Lair:3)
  8 swamp worms
  A warg (Orc:2)
  24 water moccasins
  2 swamp drakes (Swamp:1)
  21 orc warriors
  2 ice beasts
  3 sky beasts (D:7)
  4 black bears
  6 centaurs
  23 ogres
  6 wolves (Lair:3)
  2 phantoms
  An elephant skeleton (Lair:5)
  6 kobold brigands
  2 gnoll sergeants
  2 earth elementals (Volcano)
  11 bullfrogs
  2 scorpions (D:6)
  A cane toad simulacrum (Lair:5)
  3 necrophages
  4 wights (D:9)
  3 killer bees (D:11)
  An elephant simulacrum (Lair:5)
  A howler monkey (D:6)
  A starcursed mass (Abyss:2)
  15 jellies (Lair:5)
  4 hounds
  18 orc priests
  Crazy Yiuf (D:2)
  An iron imp (Abyss:2)
  Jessica (D:2)
  6 iguanas
  26 orc wizards
  Natasha (twice) (D:4)
  7 gnolls
  16 adders
  2 river rats (Sewer)
  2 shadow imps
  A white imp (D:5)
  3 ufetubi
  6 worms
  A dart slug (D:2)
  64 orcs
  11 endoplasms
  A giant cockroach (D:2)
  6 goblins
  5 hobgoblins
  9 jackals
  21 kobolds
  A quokka (D:3)
  7 ball pythons
  5 bats
  2 frilled lizards
  5 rats
  6 briar patches (Swamp:3)
804 creatures vanquished.

Vanquished Creatures (others)
  A hellwing (Swamp:4)
  4 bloated husks
  A bat (D:6)
  2 bushes
  10 foxfires
  33 fungi
  104 plants
  13 withered plants (Lair:5)
168 creatures vanquished.

Grand Total: 972 creatures vanquished

Notes
Turn   | Place    | Note
-------+----------+-------------------------------------------
     0 | D:1      | BarneyGumball the Hill Orc Fighter began the quest for the
                  | Orb.
     0 | D:1      | Reached XP level 1. HP: 19/19 MP: 1/1
   113 | D:1      | Reached skill level 3 in Axes
   242 | D:1      | Reached XP level 2. HP: 26/26 MP: 2/2
   877 | D:2      | Reached XP level 3. HP: 31/31 MP: 3/3
   974 | D:2      | Noticed Jessica
   977 | D:2      | Killed Jessica
   978 | D:2      | Reached skill level 4 in Axes
   978 | D:2      | Reached XP level 4. HP: 37/39 MP: 4/4
  1332 | D:2      | Found a runed translucent door.
  1333 | D:2      | Noticed Crazy Yiuf
  1455 | D:2      | Killed Crazy Yiuf
  1783 | D:3      | Reached skill level 5 in Axes
  2072 | D:3      | Reached XP level 5. HP: 45/45 MP: 5/5
  2727 | D:4      | Found a shimmering blue altar of Sif Muna.
  2891 | D:4      | Reached skill level 6 in Axes
  2891 | D:4      | Reached XP level 6. HP: 17/51 MP: 6/6
  3306 | D:4      | Reached skill level 5 in Armour
  3306 | D:4      | Reached skill level 5 in Shields
  3387 | D:4      | Reached skill level 7 in Axes
  3387 | D:4      | Reached XP level 7. HP: 56/57 MP: 7/7
  3579 | D:4      | Noticed Natasha
  3584 | D:4      | Killed Natasha
  3701 | D:4      | Noticed Sigmund
  3721 | D:4      | Killed Sigmund
  3885 | D:4      | Noticed Natasha
  3891 | D:4      | Killed Natasha
  3892 | D:4      | Reached skill level 8 in Axes
  3919 | D:4      | You fall into a shaft and drop 2 floors!
  3924 | D:6      | Noticed Maggie
  3936 | D:6      | Found a glowing drain.
  3948 | Sewer    | Entered a sewer
  4419 | Sewer    | Reached XP level 8. HP: 64/64 MP: 8/8
  4785 | D:6      | Killed Maggie
  4786 | D:6      | Reached skill level 9 in Axes
  4908 | D:6      | Reached skill level 10 in Axes
  4984 | D:6      | Reached skill level 11 in Axes
  5128 | D:6      | Found a bloodstained altar of Trog.
  5149 | D:6      | Reached XP level 9. HP: 58/70 MP: 9/9
  5303 | D:6      | Found an ancient bone altar of Kikubaaqudgha.
  5376 | D:6      | Found an opulent altar of Gozag.
  5422 | D:6      | Identified the +4 leather armour of Grot {rN+}
  5619 | D:6      | Reached skill level 12 in Axes
  5923 | D:5      | Entered Level 5 of the Dungeon
  5926 | D:5      | Noticed Menkaure
  6255 | D:5      | Killed Menkaure
  6323 | D:5      | Reached skill level 13 in Axes
  6476 | D:5      | Found a staircase to the Ecumenical Temple.
  6485 | Temple   | Entered the Ecumenical Temple
  6691 | D:5      | Identified the +0 ring mail of the Loofah {rF+ rCorr Int-4
                  | SInv}
  6987 | D:5      | Found a glowing silver altar of Zin.
  7220 | D:7      | Reached skill level 5 in Fighting
  7262 | D:7      | Found a white marble altar of Elyvilon.
  7320 | D:7      | Reached skill level 14 in Axes
  7320 | D:7      | Reached XP level 10. HP: 81/81 MP: 10/10
  7735 | D:7      | Found a basalt altar of Yredelemnul.
  7815 | D:7      | Found a stormy altar of Qazlal.
  7815 | D:7      | Found a burning altar of Makhleb.
  7815 | D:7      | Found a sparkling altar of Nemelex Xobeh.
  7815 | D:7      | Found an ornate altar of the Wu Jian Council.
  7821 | D:7      | Found a glowing golden altar of the Shining One.
  7821 | D:7      | Found an iron altar of Okawaru.
  7855 | D:7      | Became a worshipper of Warmaster Okawaru
  7992 | D:8      | Found Aplafeur's Hydra Hut.
  8017 | D:8      | Reached skill level 15 in Axes
  8071 | D:8      | Noticed Prince Ribbit
  8082 | D:8      | Killed Prince Ribbit
  8084 | D:8      | Reached * piety under Okawaru
  8105 | D:8      | Noticed a six-headed hydra
  8167 | D:8      | Found a staircase to the Lair.
  8296 | D:8      | Reached skill level 16 in Axes
  8359 | D:8      | Identified the +1 leather armour of Dawn {rN+ Will+ Regen+
                  | Slay+3}
  8593 | D:8      | Reached ** piety under Okawaru
  8594 | D:8      | Reached XP level 11. HP: 97/97 MP: 11/11
  8631 | D:9      | Reached skill level 1 in Invocations
  8805 | D:9      | Reached skill level 10 in Fighting
  8956 | D:9      | Noticed a two-headed ogre
  8964 | D:9      | Killed a two-headed ogre
  8964 | D:9      | Reached *** piety under Okawaru
  9040 | D:9      | Noticed a two-headed ogre
  9047 | D:9      | Killed a two-headed ogre
  9092 | D:9      | Found a sacrificial altar of Ru.
  9190 | D:9      | Noticed a wizard
  9191 | Abyss:2  | Cast into level 2 of the Abyss (a wizard)
  9227 | Abyss:2  | Noticed a large abomination
  9293 | Abyss:2  | Reached **** piety under Okawaru
  9312 | Abyss:2  | Noticed a glowing orange brain
  9315 | Abyss:2  | Noticed a worldbinder
  9346 | Abyss:2  | Noticed a thrashing horror
  9384 | Abyss:2  | Killed a thrashing horror
  9452 | Abyss:2  | Reached skill level 5 in Invocations
  9465 | Abyss:2  | Noticed a starcursed mass
  9479 | Abyss:2  | Noticed a wretched star
  9519 | Abyss:2  | Killed a wretched star
  9541 | Abyss:2  | Noticed a white draconian stormcaller
  9663 | Abyss:2  | Noticed a thrashing horror
  9672 | Abyss:2  | Killed a thrashing horror
  9672 | Abyss:2  | Received a gift from Okawaru
  9673 | Abyss:2  | Reached XP level 12. HP: 112/112 MP: 12/14
  9692 | D:9      | Escaped the Abyss
  9705 | D:9      | Reached ***** piety under Okawaru
  9932 | D:9      | Reached skill level 17 in Axes
 10025 | D:9      | Identified the +9 ice dragon scales of Failure {*Corrode
                  | *Slow rF- rC++ rN++ SInv}
 10190 | D:10     | Entered Level 10 of the Dungeon
 10205 | D:10     | Reached skill level 10 in Armour
 10225 | D:10     | Received a gift from Okawaru
 10837 | D:11     | Identified the +1 scale mail of Toal Deu {rF+}
 10839 | D:11     | Noticed a two-headed ogre
 10846 | D:11     | Killed a two-headed ogre
 10887 | D:11     | Found a staircase to the Orcish Mines.
 11177 | D:12     | Noticed a two-headed ogre
 11187 | D:12     | Killed a two-headed ogre
 11187 | D:12     | Reached ****** piety under Okawaru
 11187 | D:12     | Received a gift from Okawaru
 11394 | D:12     | Reached XP level 13. HP: 123/123 MP: 19/19
 12212 | Lair:1   | Entered Level 1 of the Lair of Beasts
 12775 | Lair:1   | Identified the +1 pair of gloves "Faleraan" {Rampage}
                  | (Okawaru gifted it to you on level 1 of the Lair of Beasts)
 12775 | Lair:1   | Received a gift from Okawaru
 12984 | Lair:2   | Reached skill level 18 in Axes
 13040 | Lair:2   | Reached skill level 15 in Fighting
 13496 | Lair:2   | Found the +12 glaive of Prune {vorpal}
 13913 | Lair:3   | Found a staircase to the Swamp.
 13941 | Lair:3   | Found a dark tunnel.
 13989 | Volcano  | Entered a volcano
 14084 | Volcano  | Reached skill level 10 in Invocations
 14307 | Volcano  | Identified the -1 helmet of a volcano {rPois Str+2}
                  | (Okawaru gifted it to you in a volcano)
 14307 | Volcano  | Received a gift from Okawaru
 14551 | D:8      | Bought a +0 glaive of flaming for 178 gold pieces
 14681 | Lair:3   | Found a staircase to the Snake Pit.
 14758 | Lair:3   | Reached XP level 14. HP: 126/136 MP: 21/21
 14860 | Lair:3   | Found a transporter.
 14885 | Lair:3   | Found a transporter.
 14889 | Lair:3   | Noticed Vyatore's ghost (journeyman DEIE)
 15742 | Lair:4   | Noticed Snorg
 15752 | Lair:4   | Killed Snorg
 16280 | Orc:1    | Entered Level 1 of the Orcish Mines
 16294 | Orc:1    | Paralysed by an orc sorcerer for 3 turns
 16310 | Orc:1    | Reached skill level 19 in Axes
 16528 | Orc:2    | Entered Level 2 of the Orcish Mines
 16570 | Orc:2    | Received a gift from Okawaru
 16734 | Orc:2    | Reached XP level 15. HP: 114/147 MP: 24/24
 16827 | Orc:2    | Found a staircase to the Elven Halls.
 16842 | Orc:2    | Identified the +2 kite shield of Plog {Regen+} (Okawaru
                  | gifted it to you on level 2 of the Orcish Mines)
 16842 | Orc:2    | Received a gift from Okawaru
 16975 | Orc:2    | Found a roughly hewn altar of Beogh.
 17041 | Orc:2    | Found Weixiwn's Weapon Emporium.
 17043 | Orc:2    | Found Laz Rud's Magic Scroll Boutique.
 17051 | Orc:2    | Found Perosu's Antique Armour Shoppe.
 17052 | Orc:2    | Found Vukiubb's Jewellery Shoppe.
 17065 | Orc:2    | Bought the ring "Lebri" {rPois rF+ rC+ rN+ Slay+2} for 781
                  | gold pieces
 17089 | Orc:2    | Bought the macabre finger necklace {rN+} for 560 gold
                  | pieces
 17089 | Orc:2    | Found the macabre finger necklace {rN+}
 18106 | Lair:5   | Entered Level 5 of the Lair of Beasts
 18125 | Lair:5   | Reached skill level 20 in Axes
 18470 | Lair:5   | Found a staircase to the Slime Pits.
 18474 | Lair:5   | Found a viscous altar of Jiyva.
 19207 | Lair:5   | Identified the ring of Law {Int+3 SInv}
 19384 | Lair:5   | Identified the +1 cloak of Card Tricks {Rampage MP+9 Int+3
                  | Stlth-} (Okawaru gifted it to you on level 5 of the Lair of
                  | Beasts)
 19384 | Lair:5   | Received a gift from Okawaru
 19408 | Lair:5   | Identified the +8 plate armour "Tanaek" {rF- Will+ Int+4}
 19649 | Lair:5   | HP: 6/147 [dire elephant (15)]
 20095 | Lair:5   | Reached skill level 15 in Invocations
 20676 | D:13     | Reached skill level 15 in Armour
 20847 | D:13     | Found a roughly hewn altar of Beogh.
 20847 | D:13     | Found a transporter.
 20975 | D:13     | Found a transporter.
 21077 | D:13     | Noticed Josephine
 21088 | D:13     | Killed Josephine
 21417 | D:14     | Reached XP level 16. HP: 155/155 MP: 27/27
 21941 | D:14     | Identified the +1 hat "Zeynejyu" {rF++ Str-3} (Okawaru
                  | gifted it to you on level 14 of the Dungeon)
 21941 | D:14     | Received a gift from Okawaru
 22763 | D:14     | Found a gate to the Vaults.
 23026 | D:15     | Entered Level 15 of the Dungeon
 23603 | D:15     | Found a staircase to the Depths.
 23684 | D:15     | Found a runed translucent gate.
 23684 | D:15     | Found a runed translucent gate.
 23684 | D:15     | Found a runed translucent gate.
 23685 | D:15     | Noticed Utaruf Seth's ghost (adept MiAK)
 24005 | D:15     | Found Gusimn's Goods Gallery.
 24649 | Swamp:1  | Entered Level 1 of the Swamp
 24873 | Swamp:1  | Identified the +3 long sword of the Hills {vorpal, Stlth+}
                  | (Okawaru gifted it to you on level 1 of the Swamp)
 24873 | Swamp:1  | Received a gift from Okawaru
 25218 | Swamp:1  | Identified the +8 long sword "Cepehi" {drain, rN+ Will+}
 26134 | Swamp:2  | Reached XP level 17. HP: 99/163 MP: 30/30
 26519 | Swamp:3  | Received a gift from Okawaru
 26519 | Swamp:3  | Found the +15 Maxwell's patent armour {-Cast -Tele rElec
                  | Will+ rCorr}
 26561 | Swamp:3  | Identified a scroll of acquirement
 26562 | Swamp:3  | Acquired the +2 helmet "Ahudoomn" {rC- Will++}
 27130 | Swamp:3  | Found an opulent altar of Gozag.
 27436 | Swamp:3  | Identified the +5 hand axe of Quick Death {flame, Fly rN+
                  | Str-4}
 27813 | Swamp:4  | Entered Level 4 of the Swamp
 27969 | Swamp:4  | Noticed a tentacled monstrosity
 27991 | Swamp:4  | Killed a tentacled monstrosity
 28003 | Swamp:4  | HP: 5/166 [spriggan druid/stone arrow (33)]
 29840 | Swamp:4  | Slain by a reaper

Illustrated notes

Levels and vault maps discovered:
D:1:      shiori_arrival_elements, layout_basic
D:2:      layout_loops_corners, uniq_crazy_yiuf_cottage, uniq_jessica
D:3:      layout_basic, serial_bayou, serial_bayou_shore_b, serial_bayou_ford_a,
          serial_bayou_crossing, serial_bayou_lagoon_a, bh_walls_and_bars
D:4:      layout_layer_cave, nicolae_overflow_hidden_temple, uniq_sigmund,
          uniq_natasha
D:5:      layout_cave_pools, mainiacjoe_overflow_alcove_4,
          minmay_temple_entry_arrows, uniq_menkaure
D:6:      layout_loops_ring, trog_butcher_becter, amcnicky_altar_gilded,
          lemuel_tele_altar, cheibrodos_sewer_entry_sluice, minmay_diced_spiral,
          uniq_maggie
D:7:      layout_loops_ring, kennysheep_ying_yang, minmay_overflow_temple_hex
D:8:      layout_rooms, minmay_lair_entry_grove, doesnt_shop_hydraphobe,
          uniq_prince_ribbit1
D:9:      layout_rooms, nicolae_ru_great_annihilating_truth, laboratory
D:10:     layout_rooms
D:11:     layout_roguey, david_orc_3
D:12:     layout_stronghold, eino_tiny_chamber
D:13:     gammafunk_beogh_shrine, layout_basic, uniq_josephine
D:14:     layout_basic, david_vaults_4, kennysheep_decorative_pillar
D:15:     grunt_enter_depths_hoard, layout_irregular_city, nicolae_water_bricks,
          gammafunk_ghost_hydra_chop, nicolae_alphabet_shops
Temple:   nicolae_temple_godpark
Lair:1:   layout_gridlike
Lair:2:   layout_regular_city, chequers_serial_rivers_small_b,
          chequers_serial_rivers_small_b
Lair:3:   minmay_lair_venomous_thicket, layout_misc_corridors, swamp_mist_pool,
          guppyfry_snake_entry_garden, gammafunk_ghost_berserking_beasts,
          enter_volcano_2
Lair:4:   layout_misc_corridors, beast_lair_carwin_11, uniq_snorg
Lair:5:   due_jungle_book, layout_cellular_growth,
          minmay_slime_entry_jelly_boxes, evilmike_ambush
          [evilmike_ambush_outer_basic, evilmike_ambush_inner_pond],
          infiniplex_staircase_pool
Swamp:1:  layout_falls_marsh, nicolae_swamp_ascending_descending
Swamp:2:  layout_basic_swamp, evilmike_swamp_ruin_rubble_2
Swamp:3:  layout_basic_swamp, evilmike_swamp_ruin_house_5, swamp_pool1,
          nicolae_swamp_orc_logging_accident, lemuel_altar_in_water
Swamp:4:  nzn_swamp_witches_coven, layout_basic_swamp, uniq_louise
Orc:1:    layout_caves
Orc:2:    st_orc_open, layout_caves, minmay_orc_temple_a

Skill      XL: |  1  2  3  4  5  6  7  8  9 10 11 12 13 14 15 16 17 |
---------------+----------------------------------------------------+-----
Axes           | 3 4 5 6 7 8 11 14 16 17 18 19 20 | 20.0
Armour         | 4 5 7 8 9 10 11 13 15 17 | 17.8
Shields        | 4 5 6 |  6.0
Fighting       | 5 9 11 13 15 17 18 | 18.8
Invocations    | 5 8 10 12 15 18 19 | 19.0

Action                   |  1- 3 |  4- 6 |  7- 9 | 10-12 | 13-15 | 16-18 || total
-------------------------+-------+-------+-------+-------+-------+-------++-------
Melee: War axe           |    64 |   116 |   393 |   456 |       |       ||  1029
       Broad axe         |       |       |       |    79 |   410 |       ||   489
       Battleaxe         |       |       |       |       |   405 |   523 ||   928
       Glaive            |       |       |       |       |     8 |       ||     8
Throw: Dart              |       |       |     8 |    15 |    38 |    26 ||    87
Invok: Heroism           |       |       |       |     2 |     4 |     8 ||    14
       Finesse           |       |       |       |     1 |     4 |     3 ||     8
  Use: Potion            |       |     1 |     2 |     4 |     4 |     4 ||    15
       Scroll            |       |       |     3 |     8 |    17 |    10 ||    38
 Stab: Distracted        |       |       |       |       |     1 |     1 ||     2
       Petrified         |       |       |       |       |     3 |     1 ||     4
Armor: Scale mail        |    39 |    17 |       |       |       |       ||    56
       Chain mail        |       |    41 |    91 |     1 |   293 |   363 ||   789
       Acid dragon scale |       |       |    77 |   221 |    65 |       ||   363
       Ring mail         |       |       |       |       |     3 |       ||     3
       Plate armour      |       |       |       |       |       |    31 ||    31
Dodge: Dodged            |    43 |    36 |   126 |   170 |   249 |   205 ||   829
Block: Buckler           |    23 |    28 |    61 |    95 |    69 |       ||   276

Table legend: (Time is in decaauts)
 A = Elapsed time spent in this place.
 B = Non-inter-level travel time spent in this place.
 C = Inter-level travel time spent in this place.
 D = Time resting spent in this place.
 E = Time spent auto-exploring this place.
 F = Levels seen in this place.
 G = Mean time per level.
                   A        B        C        D        E       F      G
               +--------+--------+--------+--------+--------+-----+--------+
         Total |  29822 |  27345 |   2477 |   3399 |  18676 |  30 |  994.1 |
       Dungeon |  15025 |  13721 |   1304 |    615 |  10738 |  15 | 1001.7 |
        Temple |    176 |    176 |      0 |      0 |    135 |   1 |  176.0 |
          Lair |   6420 |   5500 |    920 |    876 |   3634 |   5 | 1284.0 |
         Swamp |   4757 |   4587 |    170 |   1489 |   2449 |   4 | 1189.2 |
  Orcish Mines |   1558 |   1477 |     81 |     71 |   1085 |   2 |  779.0 |
         Abyss |    487 |    487 |      0 |    172 |      0 |   1 |  487.0 |
         Sewer |    994 |    994 |      0 |     59 |    629 |   1 |  994.0 |
       Volcano |    402 |    402 |      0 |    116 |      5 |   1 |  402.0 |
               +--------+--------+--------+--------+--------+-----+--------+

Top non-repeatable levels by time:
 Swamp:3: 2564 daAuts
  Lair:5: 2348 daAuts
    D:14: 1631 daAuts
     D:6: 1411 daAuts
    D:15: 1368 daAuts
     D:4: 1278 daAuts
  Lair:3: 1249 daAuts
     D:9: 1155 daAuts
     D:2: 1108 daAuts
     D:3: 1034 daAuts
    D:12: 1028 daAuts
  Lair:2: 1024 daAuts
   Sewer: 994 daAuts
  Lair:1: 944 daAuts
   Orc:2: 926 daAuts
